 Dungeon Crawl Stone Soup version 0.23-a0-488-g5fd82c5 (webtiles) character file.

46 Lanoc the Ducker (level 3, -2/25 HPs)
             Began as a Felid Chaos Knight on Dec 1, 2018.
             Was a Plaything of Xom.
             Slain by a hobgoblin
             ... wielding a +0 club
              (7 damage)
             ... on level 2 of the Dungeon.
             The game lasted 00:05:12 (1234 turns).

Lanoc the Ducker (Felid Chaos Knight)               Turns: 1234, Time: 00:05:12

Health: -2/25      AC:  1    Str: 13    XL:     3   Next: 44%
Magic:  4/4        EV: 20    Int: 13    God:    Xom [..*...]
Gold:   98         SH:  0    Dex: 16    Spells: 2/2 levels left
                                        Lives:  0   Deaths: 0

rFire    . . .     SeeInvis +     - Unarmed
rCold    . . .     Gourm    .   (shield unavailable)
rNeg     . . .     Faith    .   (armour unavailable)
rPois    .         Spirit   .   (helmet unavailable)
rElec    .         Reflect  .   (cloak unavailable)
rCorr    .         Harm     .   (gloves unavailable)
MR       .....                  (boots unavailable)
Stlth    ..........             h - amulet of inaccuracy (curse)
HPRegen  0.08/turn              c - +1 ring of evasion
MPRegen  0.09/turn              (no ring)

@: berserking, drained, very quick
A: very small, no armour, no weapons or thrown items, stealth, claws 1, fangs 3,
see invisible, carnivore, speed 1, shaggy fur 1, slow metabolism 1, sharp paws
a: Renounce Religion


You were on level 2 of the Dungeon.
You worshipped Xom.
You were a toy of Xom.
You were completely stuffed.

You visited 1 branch of the dungeon, and saw 2 of its levels.

You collected 98 gold pieces.

Inventory:

Jewellery
 c - a +1 ring of evasion (left paw)
 h - a cursed amulet of inaccuracy (around neck)
Scrolls
 f - a scroll of teleportation
 j - a scroll of magic mapping
Potions
 d - a potion of flight {unknown}
 e - 2 potions of brilliance {unknown}
 g - a potion of cancellation {unknown}
Comestibles
 a - a ration
 i - a chunk of flesh


   Skills:
 + Level 3.3(2.9) Fighting
 + Level 3.8(3.4) Dodging
 + Level 1.2(0.8) Stealth
 * Level 3.7(3.3) Unarmed Combat


You had 2 spell levels left.
You didn't know any spells.
Your spell library was empty.

Dungeon Overview and Level Annotations

Branches:
Dungeon (2/15)

Altars:


Innate Abilities, Weirdness & Mutations

You cannot wear armour.
You are incapable of wielding weapons or throwing items.
Your paws allow you to move quietly. (Stealth)
You have sharp claws.
You have razor-sharp teeth.
You have supernaturally acute eyesight. (SInv)
You are carnivorous and can eat meat at any time.
You cover ground quickly.
You are covered in fur. (AC +1)
You have a slow metabolism.
Your sharp claws are effective at attacking unaware monsters.


Message History

You closely miss the adder. You bite the adder.
The adder is moderately wounded.
The adder closely misses you. The hobgoblin misses you.
You barely miss the adder.
The adder is moderately wounded.
The adder completely misses you. The hobgoblin misses you.
You barely miss the adder.
The adder is moderately wounded.
The adder completely misses you. The adder bites you.
* * * LOW HITPOINT WARNING * * *
You barely miss the adder.
The adder is moderately wounded.
The hobgoblin misses you. The adder bites you.
* * * LOW HITPOINT WARNING * * *
It was a potion of berserk rage.
A red film seems to cover your vision as you go berserk!
You feel yourself moving faster!
You feel mighty!
The leopard gecko hisses angrily.
The hobgoblin hits you with a +0 club!
You die...

##.#..........# #........
.......#.###..###........
##................>l.....
....#..#.########(.......
.......#.# #(.......
##.#####.# #(.K..... ....
#.# #........ ##.
#.########S.......
#.......g@.#######
############


You could see an adder, a leopard gecko, a hobgoblin and a kobold.

Vanquished Creatures
  An adder (D:2)
  An ooze (D:2)
  2 leopard geckos
  A giant cockroach (D:2)
  7 goblins
  3 hobgoblins
  4 bats
  4 frilled lizards
  3 kobolds
  5 rats (D:1)
31 creatures vanquished.

Notes
Turn   | Place    | Note
-------+----------+-------------------------------------------
     0 | D:1      | Lanoc the Felid Chaos Knight began the quest for the Orb.
     0 | D:1      | Reached XP level 1. HP: 10/10 MP: 2/2
   249 | D:1      | XOM: butterfly on damage
   251 | D:1      | Reached XP level 2. HP: 8/14 MP: 3/3
   712 | D:2      | XOM: harmless Conj miscast
   739 | D:2      | Reached skill level 1 in Stealth
   739 | D:2      | Reached XP level 3. HP: 11/17 MP: 4/4
   793 | D:2      | XOM: cloud trail
   796 | D:2      | XOM: harmless Tmut miscast
   997 | D:2      | XOM: harmless Chrm miscast
  1234 | D:2      | Slain by a hobgoblin

Vault maps used:
D:1:      dpeg_arrival_radiant, chequers_serial_rivers_marsh,
          minmay_tree_intersection, minmay_misc_feat_five
D:2:      overflow_temple_1_default, zin_academy

Skill      XL: |  1  2 |
---------------+-------+-----
Stealth        | 1 |  1.2
Fighting       | |  3.3
Dodging        | |  3.8
Unarmed Combat | |  3.7

Action                   || total
-------------------------++-------
Melee: Unarmed           ||   114
       Bite              ||    11
       Punch             ||     1
  Use: Scroll            ||     6
       Potion            ||     1
 Stab: Sleeping          ||     4
       Paralysed         ||     1
  Eat: Chunk             ||     8
Armor: Skin              ||     6
Dodge: Dodged            ||   101

Table legend:
 A = Non-vault XP
 B = Vault XP
 C = Vault XP percentage of total XP
 D = Non-vault monster count
 E = Vault monster count
 F = Vault count percentage of total count
                 A         B        C        D         E       F
            +---------+---------+-------+---------+---------+-------
      Total |      66 |       0 |   0.0 |      31 |       0 |   0.0
            +---------+---------+-------+---------+---------+-------
        D:1 |      22 |       0 |   0.0 |      16 |       0 |   0.0
        D:2 |      44 |       0 |   0.0 |      15 |       0 |   0.0
            +---------+---------+-------+---------+---------+-------
